 Dungeon Crawl Stone Soup version 0.17-a0-1174-ge06b3cc (webtiles) character file.

1241 zuul91 the Ducker (level 8, -5/64 HPs)
             Began as a Demonspawn Monk on May 29, 2015.
             Shot with an arrow by a centaur (10 damage)
             ... on level 5 of the Dungeon.
             The game lasted 01:05:40 (7368 turns).

zuul91 the Ducker (Demonspawn Monk)                 Turns: 7368, Time: 01:05:40

Health: -5/64      AC:  7    Str: 13    XL:     8   Next: 25%
Magic:  0/8        EV: 16    Int: 11    God:
Gold:   164        SH:  0    Dex: 17    Spells: 0 memorised, 7 levels left

rFire  . . .     SeeInvis .       - Unarmed
rCold  + . .     Clarity  .     c - +1 robe {MR+}
rNeg   . . .     SustAt   .     (no shield)
rPois  .         Gourm    .     m - +0 helmet
rElec  .         Spirit   +     (no cloak)
rCorr  .         Warding  .     l - +0 pair of gloves
rMut   .         Stasis   .     (boots unavailable)
MR     +....                    (no amulet)
Stlth  +++.......               (no ring)
                                p - ring of protection from cold

@: somewhat resistant to hostile enchantments, fairly stealthy
A: talons 3, thin metallic scales 1, magic shield
a: no special abilities


You were on level 5 of the Dungeon.
You were not hungry.

You visited 1 branch of the dungeon, and saw 5 of its levels.

You collected 303 gold pieces.
You spent 139 gold pieces at shops.

Inventory:

Hand weapons
 g - a +0 blowgun
 k - a +0 scythe
 t - a +0 short sword of flaming
 x - a +0 shortbow
 y - a +0 hunting sling
Missiles
 f - 209 stones
 i - 83 arrows (quivered)
 n - 32 bolts
Armour
 a - a +2 robe
 c - a +1 robe of magic resistance (worn)
 l - a +0 pair of gloves (worn)
 m - a +0 helmet (worn)
 q - a +0 chain mail
 z - a +0 shield
 A - a +1 robe of positive energy
 C - a cursed -2 plate armour
Jewellery
 p - a ring of protection from cold (left hand)
Scrolls
 d - a scroll of blinking {unknown}
 e - a scroll of recharging
 u - a scroll of magic mapping {unknown}
 v - a scroll of fear {unknown}
 w - 2 scrolls of remove curse
 D - a scroll of identify
Potions
 b - a potion of resistance {unknown}
 h - a potion of ambrosia {unknown}
 j - a potion of cancellation {unknown}
 r - a potion of degeneration {unknown}
 s - 4 potions of brilliance {unknown}
Comestibles
 B - a bread ration
 E - a beef jerky


   Skills:
 + Level 5.8 Fighting
 + Level 6.4 Dodging
 + Level 3.2 Stealth
 + Level 5.8 Unarmed Combat


You had 7 spell levels left.
You didn't know any spells.

Dungeon Overview and Level Annotations

Branches:
Dungeon (5/15)
 Temple: D:4-7

Altars:
Gozag
Vehumet

Shops:
D:4 [


Innate Abilities, Weirdness & Mutations

You have claws for feet.
You are partially covered in thin metallic scales (AC +2).
When hurt, damage is shared between your health and your magic reserves.


Message History

The centaur shoots an arrow.
The arrow hits you.
* * * LOW HITPOINT WARNING * * *
You see here an arrow.
You hear some strange, mumbled words.
The centaur shoots an arrow.
Reactivating autopickup.
You feel a bit more experienced.
The centaur shoots an arrow.
The arrow barely misses you.
You see here an arrow.
The centaur shoots an arrow.
The arrow hits you.
* * * LOW HITPOINT WARNING * * *
You see here an arrow.
The centaur shoots an arrow.
The arrow hits you!
* * * LOW HITPOINT WARNING * * *
You see here an arrow.
The centaur shoots an arrow.
The arrow misses you.
You see here an arrow.
You see here a giant club.
The centaur shoots an arrow.
The arrow hits you!
You die...

#...## #........
#..#####........
##.###.........##
##..c............# #
#..##(...........# #..#
### ##.####...........#
##..# ..###.##
#.(....##...#### ...###
#.....#
##.(............ .....
##....# #..()@........
#.... ##...#
#..........## #...#
#...#
##.#........#######...#
##..<#
#..###................#
#....## ##.##
###....######..#..
##.#...###.## ##..##
##...# .......##..#
#.## ##..# #...###.#.##
#.### #### #.#..# ####
##..#


You could see a centaur.

Vanquished Creatures
  Sigmund (D:5)
  A hungry ghost (D:4)
  A phantom (D:5)
  A black bear (D:4)
  A centaur (D:5)
  2 ogres (D:5)
  A crimson imp (D:5)
  A hound (D:4)
  A quasit (D:3)
  An iguana (D:5)
  3 orc wizards (D:4)
  A worker ant (D:4)
  A hound skeleton (D:4)
  7 adders
  3 gnolls (D:4)
  A shadow imp (D:5)
  5 oozes
  A worm (D:5)
  An adder skeleton (D:4)
  An adder zombie (D:5)
  4 giant geckos
  4 orcs (D:4)
  17 bats
  7 giant cockroaches
  16 hobgoblins
  5 jackals (D:1)
  2 quokkas (D:2)
  2 ball pythons
  2 giant gecko skeletons (D:5)
  8 giant newts
  15 goblins
  13 kobolds
  14 rats
144 creatures vanquished.

Vanquished Creatures (others)
  Blork the orc (D:5)
1 creature vanquished.

Grand Total: 145 creatures vanquished

Notes
Turn   | Place    | Note
--------------------------------------------------------------
     0 | D:1      | zuul91 the Demonspawn Monk began the quest for the Orb.
     0 | D:1      | Reached XP level 1. HP: 18/18 MP: 1/1
   234 | D:1      | Gained mutation: You have sharp toenails. [demonic ancestry]
   234 | D:1      | Reached XP level 2. HP: 22/24 MP: 2/2
   748 | D:1      | Reached skill level 4 in Unarmed Combat
   748 | D:1      | Reached XP level 3. HP: 25/29 MP: 3/3
  2161 | D:2      | Gained mutation: When hurt, damage is shared between your health and your magic reserves. [demonic ancestry]
  2161 | D:2      | Reached XP level 4. HP: 33/36 MP: 4/4
  3026 | D:3      | Found an opulent altar of Gozag.
  3218 | D:3      | Found a radiant altar of Vehumet.
  3845 | D:4      | Gained mutation: You have razor-sharp toenails. [demonic ancestry]
  3845 | D:4      | Reached XP level 5. HP: 39/42 MP: 5/5
  4377 | D:5      | Entered Level 5 of the Dungeon
  4800 | D:4      | Noticed a phantom
  4898 | D:5      | Killed a phantom
  5097 | D:5      | Gained mutation: You have claws for feet. [demonic ancestry]
  5097 | D:5      | Reached XP level 6. HP: 46/48 MP: 6/6
  5328 | D:4      | Noticed a hungry ghost
  5350 | D:4      | Killed a hungry ghost
  5350 | D:4      | Reached skill level 5 in Unarmed Combat
  5691 | D:5      | Noticed Sigmund
  5711 | D:5      | Killed Sigmund
  5711 | D:5      | Reached skill level 5 in Dodging
  5711 | D:5      | Reached XP level 7. HP: 49/55 MP: 7/7
  5817 | D:5      | Noticed Blork the orc
  6086 | D:4      | Found Ehiocw's Armour Emporium.
  6093 | D:4      | Bought a +1 robe of magic resistance for 139 gold pieces
  6193 | D:4      | Reached skill level 5 in Fighting
  6485 | D:4      | Noticed a black bear
  6500 | D:4      | Killed a black bear
  6986 | D:5      | Reached skill level 6 in Dodging
  6986 | D:5      | Gained mutation: You are partially covered in thin metallic scales (AC +2). [demonic ancestry]
  6986 | D:5      | Reached XP level 8. HP: 34/63 MP: 3/8
  7165 | D:5      | Noticed an ogre
  7177 | D:5      | Killed an ogre
  7264 | D:5      | Noticed an ogre
  7285 | D:5      | Killed an ogre
  7332 | D:5      | Noticed a centaur
  7357 | D:5      | Killed Blork the orc
  7368 | D:5      | Shot with an arrow by a centaur

Vault maps used:
D:1:      nicolae_arrival_washed_ashore
D:2:      serial_glass, glass_columns_b, glass_columns_b, feat_on_display
D:3:      nicolae_overflow_hidden_temple, grunt_gozag_breadcrumbs
D:4:      minmay_opposing_rooms, serial_shops, shop
D:5:      first_bread, uniq_blork_the_orc, uniq_sigmund

Action                   |  1- 3 |  4- 6 |  7- 9 || total
-------------------------+-------+-------+-------++-------
Melee: Unarmed           |   165 |   299 |   199 ||   663
       Short sword       |     4 |       |       ||     4
  Use: Scroll            |       |     7 |     1 ||     8
       Potion            |       |     4 |     2 ||     6
 Stab: Sleeping          |     4 |     3 |     4 ||    11
       Distracted        |     1 |       |       ||     1
  Eat: Bread ration      |     1 |     1 |     1 ||     3
       Meat ration       |       |     2 |       ||     2
